 Dungeon Crawl Stone Soup version 0.31-a0-949-g57150269e1 (webtiles) character file.

Game seed: 2248257106447204876

1028 Fodor the Covered (level 8, 0/70 HPs)
             Began as a Minotaur Fighter on Oct 22, 2023.
             Was an Initiate of Gozag.
             Slain by a gnoll
             ... wielding a +0 flail
             ... led by a gnoll bouda
              (6 damage)
             ... on level 5 of the Dungeon on Oct 23, 2023.
             The game lasted 00:19:39 (4185 turns).

Fodor the Covered (Minotaur Fighter)                Turns: 4185, Time: 00:19:39

Health: 0/70       AC:  7    Str: 23    XL:     8   Next: 3%
Magic:  7/7        EV: 10    Int:  5    God:    Gozag
Gold:   191        SH:  0    Dex: 10    Spells: 7/7 levels left

rFire   . . .        o - +0 halberd (heavy)
rCold   . . .        (shield currently unavailable)
rNeg    . . .        b - +0 scale mail
rPois   .            (helmet restricted)
rElec   .            (no cloak)
rCorr   .            (no gloves)
SInv    .            (no boots)
Will    +....        p - amulet of the acrobat Stlth
                     (no ring)
HPRegen 0.31/turn    (no ring)
MPRegen 0.10/turn

%: acrobat
@: weakened, gold aura, enlightened, flying
A: horns 2, retaliatory headbutt
a: Renounce Religion, Potion Petition, Call Merchant, Bribe Branch


You were on level 5 of the Dungeon.
You worshipped Gozag.
Gozag was aware of your devotion.
You visited 2 branches of the dungeon, and saw 7 of its levels.

You collected 304 gold pieces.
You paid 113 gold pieces to Gozag.

Inventory:

Hand Weapons
 e - a +0 heavy flail
 o - a +0 heavy halberd (weapon)
 x - a +0 shortbow
Missiles
 w - a throwing net (quivered)
 y - 3 poisoned darts
Armour
 b - a +0 scale mail (worn)
 c - a +0 buckler
Jewellery
 p - an amulet of the acrobat (around neck)
Wands
 a - a wand of charming (10)
Scrolls
 d - a scroll of teleportation {unknown}
 f - a scroll of enchant weapon {unknown}
 g - 2 scrolls of fear {unknown}
 h - 3 scrolls of identify {unknown}
 j - a scroll of blinking {unknown}
 l - 2 scrolls of immolation {unknown}
 m - a scroll of poison {unknown}
 q - a scroll of fog {unknown}
 s - a scroll of silence {unknown}
 t - a scroll of revelation {unknown}
 u - a scroll of amnesia {unknown}
Potions
 i - a potion of berserk rage {unknown}
 k - a potion of brilliance {unknown}
 n - 2 potions of enlightenment
 v - 3 potions of heal wounds {unknown}
 z - a potion of ambrosia {unknown}


   Skills:
 + Level 5.8 Fighting
 + Level 3.7 Long Blades
 + Level 3.7 Maces & Flails
 + Level 5.2 Polearms
 + Level 6.4 Armour
 + Level 2.2 Dodging
 + Level 0.1 Stealth
 + Level 4.9 Shields


You had 7 spell levels left.
You didn't know any spells.
Your spell library was empty.

Dungeon Overview and Level Annotations

Branches:
Dungeon (6/15)             Temple (1/1) D:4

Altars:
Ashenzari
Cheibriados
Dithmenos
Elyvilon
Gozag
Hepliaklqana
Kikubaaqudgha
Makhleb
Okawaru
Qazlal
Sif Muna
Trog
Wu Jian
Yredelemnul
The Shining One


Innate Abilities, Weirdness & Mutations

You have a pair of horns on your head.
You reflexively headbutt those who attack you in melee.


Message History

Found 17 gold pieces.
The gnoll bouda closely misses you. The gnoll hits you but does no damage.
You hit the gnoll bouda. You headbutt the gnoll bouda!
The gnoll bouda is almost dead.
The gnoll closely misses you.
The gnoll bouda barks out a call to the hunt!
The gnoll picks up the pace!
The gnoll closely misses you.
You hit the gnoll bouda but do no damage.
The gnoll bouda is almost dead.
The gnoll bouda barely misses you. The gnoll closely misses you.
The gnoll hits you from afar with a +0 spear.
You closely miss the gnoll bouda.
The gnoll bouda is almost dead.
The gnoll is no longer moving quickly.
The gnoll bouda hits you but does no damage.
The gnoll hits you from afar with a +0 spear.
* * * LOW HITPOINT WARNING * * *
The gnoll bouda utters an invocation to its god.
The gnoll bouda is healed somewhat.
The gnoll hits you from afar with a +0 spear.
* * * LOW HITPOINT WARNING * * *
You feel better. The gnoll bouda closely misses you. The gnoll misses you.
It was a potion of enlightenment.
You feel very buoyant.
You fly up into the air.
The gnoll bouda gazes fiercely through you!
You feel your attacks grow feeble.
The gnoll bouda hits you but does no damage.
The gnoll hits you from afar with a +0 spear.
* * * LOW HITPOINT WARNING * * *
You puncture the gnoll bouda!
You kill the gnoll bouda!
The gnoll hits you from afar with a +0 spear.
* * * LOW HITPOINT WARNING * * *
The gnoll hits you from afar with a +0 spear.
* * * LOW HITPOINT WARNING * * *
The gnoll hits you with a +0 flail.
You die...
Your body crumbles into a pile of gold.

.)##..#...####.#....#.#
####..##...##..#..##.##
#..####..#..#..####
#..# ##.....###
#..#####..#..#
####....#..####.#
..........## ####
....##....# #.#
...######.## #@### #..#
#..# #.#gg## #..# ###.#
#$.##g.# ##.##
#..#########.#
#>†####.#..§§§≈§..##
#.#.).#..#.≈.§...≈g#
.#####..##.≈.≈≈≈§§g# .
##.##.≈≈...§≈.###
#.##.≈≈._§≈≈g#.#


You could see 3 gnolls.

Vanquished Creatures
  Edmund (D:6)
  An ogre (D:5)
  A kobold brigand (D:5)
  A bullfrog (D:5)
  A scorpion (D:5)
  A jelly (D:4)
  5 orc priests
  3 hounds
  3 iguanas
  A gnoll bouda (D:5)
  Ijyb (D:3)
  An orc wizard (D:3)
  11 gnolls
  4 adders (D:4)
  A worm (D:3)
  15 orcs
  10 ball pythons
  6 endoplasms
  5 goblins
  4 hobgoblins
  4 jackals (D:1)
  11 kobolds
  5 quokkas
  9 bats
  A frilled lizard (D:1)
  3 rats
109 creatures vanquished.

Notes
Turn   | Place    | Note
-------+----------+-------------------------------------------
     0 | D:1      | Fodor the Minotaur Fighter began the quest for the Orb.
     0 | D:1      | Reached XP level 1. HP: 19/19 MP: 0/0
   209 | D:1      | Reached XP level 2. HP: 27/27 MP: 1/1
   573 | D:1      | Reached XP level 3. HP: 33/33 MP: 2/2
   577 | D:1      | Reached skill level 4 in Armour
   978 | D:2      | Found a snail-covered altar of Cheibriados.
  1089 | D:2      | Found a faded altar of an unknown god.
  1548 | D:3      | Found a burning altar of Makhleb.
  1561 | D:3      | Reached XP level 4. HP: 13/40 MP: 3/3
  1705 | D:3      | Noticed Ijyb
  1762 | D:3      | Killed Ijyb
  1763 | D:3      | Reached skill level 1 in Dodging
  1775 | D:3      | Reached skill level 1 in Maces & Flails
  1775 | D:3      | Reached XP level 5. HP: 18/47 MP: 4/4
  2077 | D:3      | You fall into a shaft and drop 3 floors!
  2078 | D:6      | Noticed Edmund
  2090 | D:6      | Killed Edmund
  2091 | D:6      | Reached skill level 5 in Armour
  2246 | D:6      | Reached XP level 6. HP: 46/53 MP: 5/5
  2273 | D:5      | Entered Level 5 of the Dungeon
  2404 | D:5      | Found an ornate altar of the Wu Jian Council.
  2430 | D:5      | Found a shimmering blue altar of Sif Muna.
  2684 | D:4      | Found a staircase to the Ecumenical Temple.
  2688 | D:4      | Reached skill level 5 in Fighting
  2713 | D:4      | Reached XP level 7. HP: 13/61 MP: 6/6
  2714 | D:4      | HP: 3/61 [orc/+0 heavy flail (11)]
  2925 | D:4      | Reached skill level 1 in Polearms
  2933 | D:4      | Reached skill level 6 in Armour
  3507 | Temple   | Entered the Ecumenical Temple
  3525 | Temple   | Became a worshipper of Gozag Ym Sagoz the Greedy
  3759 | D:5      | HP: 3/61 [ogre/+0 giant club (20)]
  4139 | D:5      | Found a basalt altar of Yredelemnul.
  4160 | D:5      | Reached skill level 5 in Polearms
  4160 | D:5      | Reached XP level 8. HP: 63/70 MP: 7/7
  4185 | D:5      | Slain by a gnoll

Illustrated notes

Levels and vault maps discovered:
D:1:      nagdon_arrival_double_spiral, layout_basic, hangedman_decor_points
D:2:      layout_basic, basic_altar, basic_ecumenical_altar
D:3:      layout_basic, bloody_makhleb, uniq_ijyb, uniq_robin
D:4:      layout_loops_cross, minmay_temple_entry_arrows
D:5:      kennysheep_six_static_rooms, layout_layer_cave,
          mainiacjoe_overflow_paths, kennysheep_mini,
          mainiacjoe_overflow_big_doors
D:6:      layout_basic, nemelex_spade_bored_becter, serial_shops,
          nicolae_shop_waterfront, uniq_blork_the_orc, uniq_edmund
Temple:   nicolae_temple_two_arcs

Skill      XL: |  1  2  3  4  5  6  7 |
---------------+----------------------+-----
Shields        | 4 |  4.9
Armour         | 4 5 6 |  6.4
Fighting       | 4 5 |  5.8
Long Blades    | 3 |  3.7
Dodging        | 1 2 |  2.2
Maces & Flails | 1 2 3 |  3.7
Polearms       | 5 |  5.2
Stealth        | |  0.1

Action                     |  1- 3 |  4- 6 |  7- 9 || total
---------------------------+-------+-------+-------++-------
  Melee: Long sword        |    79 |     1 |       ||    80
         Headbutt          |    10 |    12 |    10 ||    32
         Flail             |       |    55 |       ||    55
         Dire flail        |       |    21 |       ||    21
         Halberd           |       |    30 |    67 ||    97
  Throw: Throwing net      |       |       |     1 ||     1
    Use: Potion            |       |     4 |     4 ||     8
 Armour: Scale mail        |    87 |   119 |    80 ||   286
  Dodge: Dodged            |    70 |    88 |    81 ||   239
  Block: Buckler           |    28 |     7 |       ||    35

Table legend: (Time is in decaauts)
 A = Elapsed time spent in this place.
 B = Non-inter-level travel time spent in this place.
 C = Inter-level travel time spent in this place.
 D = Time resting spent in this place.
 E = Time spent auto-exploring this place.
 F = Levels seen in this place.
 G = Mean time per level.
                   A        B        C        D        E       F      G
               +--------+--------+--------+--------+--------+-----+--------+
         Total |   4341 |   4300 |     41 |    637 |      0 |   7 |  620.1 |
       Dungeon |   4312 |   4271 |     41 |    637 |      0 |   6 |  718.7 |
        Temple |     28 |     28 |      0 |      0 |      0 |   1 |   28.0 |
               +--------+--------+--------+--------+--------+-----+--------+

Top non-repeatable levels by time:
     D:4: 1065 daAuts
     D:5: 926 daAuts
     D:2: 876 daAuts
     D:1: 681 daAuts
     D:3: 561 daAuts
     D:6: 201 daAuts
  Temple: 28 daAuts
